 Dungeon Crawl Stone Soup version 0.30.1-9-gdf580d7c3d (webtiles) character file.

Game seed: 6723304556943610340

123 KittyFluff the Cudgeller (level 5, -1/49 HPs)
             Began as a Gargoyle Berserker on Oct 18, 2023.
             Was a Priest of Trog.
             Slain by a gnoll
             ... wielding a +0 spear
              (7 damage)
             ... on level 3 of the Dungeon.
             The game lasted 00:11:01 (2637 turns).

KittyFluff the Cudgeller (Gargoyle Berserker)       Turns: 2637, Time: 00:11:02

Health: -1/49      AC:  8    Str: 22    XL:     5   Next: 7%
Magic:  5/5        EV: 11    Int:  8    God:    Trog [***...]
Gold:   13         SH:  0    Dex:  9    Spells: 4/4 levels left

rFire   . . .        q - +4 mace
rCold   . . .        (no shield)
rNeg    + . .        f - +0 leather armour
rPois   ∞            (no helmet)
rElec   +            (no cloak)
rCorr   .            (no gloves)
SInv    .            l - +0 pair of boots
Will    .....        (no amulet) Stlth
                     (no ring)
HPRegen 0.28/turn    (no ring)
MPRegen 0.09/turn

%: no passive effects
@: berserking (expiring), very quick
A: sickness immunity, AC +4, negative energy resistance 1, electricity
resistance, torment resistance 1, petrification resistance
a: Renounce Religion, Berserk, Trog's Hand


You were on level 3 of the Dungeon.
You worshipped Trog.
Trog was most pleased with you.
You visited 1 branch of the dungeon, and saw 3 of its levels.

You collected 110 gold pieces.
You spent 97 gold pieces at shops.

Inventory:

Hand Weapons
 m - the +1 falchion "Giwk" {drain, *Noise rPois Str-2 SInv}
   (You found it on level 2 of the Dungeon)

   Str:       It affects your strength (-2).
   rPois:     It protects you from poison.
   SInv:      It lets you see invisible.
   *Noise:    It may make noises in combat.
 q - a +4 mace (weapon)
 r - a +0 sling
Missiles
 s - 4 poisoned darts (quivered)
Armour
 f - a +0 leather armour (worn)
 l - a +0 pair of boots (worn)
 v - a +0 plate armour of fire resistance
Jewellery
 h - an amulet of magic regeneration
 p - a ring of fire
Wands
 y - a wand of mindburst (10)
Scrolls
 a - a scroll of blinking {unknown}
 b - 3 scrolls of noise {unknown}
 d - a scroll of fear {unknown}
 i - 2 scrolls of teleportation {unknown}
 j - a scroll of enchant weapon
 t - a scroll of poison {unknown}
 u - a scroll of vulnerability {unknown}
 w - a scroll of magic mapping
Potions
 c - a potion of heal wounds
 e - a potion of attraction
 g - a potion of ambrosia
 k - 3 potions of magic
 n - 2 potions of curing
 o - a potion of mutation {unknown}
 x - a potion of might {unknown}


   Skills:
 + Level 3.9 Fighting
 * Level 4.0 Maces & Flails
 * Level 3.6 Armour
 + Level 2.1 Dodging


You had 4 spell levels left.
You didn't know any spells.
Your spell library was empty.

Dungeon Overview and Level Annotations

Branches:
Dungeon (3/15)

Altars:
Elyvilon
Zin
The Shining One

Shops:
D:3 ?


Innate Abilities, Weirdness & Mutations

You are immune to sickness and miasma.
Your stone body is resilient. (AC +4)
You are immune to poison.
You resist negative energy. (rN+)
You are resistant to electric shocks. (rElec)
You are resistant to unholy torment.
You are immune to petrification.


Message History

The hobgoblin hits you with a +0 club. The hobgoblin misses you.
The hobgoblin hits you with a +0 club.
* * * LOW HITPOINT WARNING * * *
The gnoll hits you but does no damage. x2
A red film seems to cover your vision as you go berserk!
You feel yourself moving faster!
You feel mighty! The hobgoblin closely misses you.
The hobgoblin completely misses you. The gnoll barely misses you. x2
You closely miss the hobgoblin. You sock the hobgoblin!
You kill the hobgoblin!
Trog accepts your kill.
The hobgoblin hits you but does no damage.
The gnoll barely misses you. x2
You sock the hobgoblin!
You kill the hobgoblin!
Trog accepts your kill.
The gnoll hits you from afar with a +0 spear.
* * * LOW HITPOINT WARNING * * *
The gnoll closely misses you.
You sock the hobgoblin!
You kill the hobgoblin!
Trog accepts your kill.
A hobgoblin comes into view. It is wielding a +0 club.
The gnoll barely misses you. The gnoll hits you but does no damage.
The hobgoblin shouts!
You sock the goblin!
You kill the goblin!
Trog accepts your kill.
You hear a shout!
A goblin comes into view. It is wielding a +0 club.
The gnoll closely misses you. The gnoll hits you with a +0 spear!
* * * LOW HITPOINT WARNING * * *
There is an open door, spattered with blood here.
Items here: )))))))) †††.
You bludgeon the gnoll!!
You kill the gnoll!
Trog accepts your kill. The goblin misses you.
The gnoll hits you with a +0 spear!
You die...

.~~~≈~~≈~≈~≈≈~~≈≈~~~~≈~≈≈~~≈~~~≈~
.~≈≈≈≈≈≈≈≈≈≈≈≈≈≈≈≈≈≈≈≈≈≈~≈≈≈≈≈≈~≈
~~≈≈≈≈≈≈≈≈≈≈≈≈≈≈≈≈≈≈≈≈≈≈≈#####~~~
########################## #≈≈≈
#.......#....(## ##......# #≈≈≈
#.......'......###.......#
#########.......#........##
.#.......)......#g....g....
)).....).......)@)g........
.#..............#g.........
#########.......#........## #
+......###.......# # #.....##
##......# # ####### ########


You could see a gnoll, a hobgoblin and 2 goblins.

Vanquished Creatures
  3 adders
  A gnoll (D:3)
  A dart slug (D:2)
  2 orcs (D:3)
  8 endoplasms
  3 giant cockroaches
  14 hobgoblins
  6 kobolds
  2 quokkas
  2 ball pythons (D:2)
  9 bats
  A frilled lizard (D:1)
  17 goblins
  10 rats
79 creatures vanquished.

Notes
Turn   | Place    | Note
-------+----------+-------------------------------------------
     0 | D:1      | KittyFluff the Gargoyle Berserker began the quest for the
                  | Orb.
     0 | D:1      | Reached XP level 1. HP: 14/14 MP: 1/1
   125 | D:1      | HP: 1/21 [kobold/+0 whip (3)]
   227 | D:1      | Reached XP level 2. HP: 19/19 MP: 2/2
   582 | D:1      | Found a faded altar of an unknown god.
   650 | D:1      | Reached XP level 3. HP: 23/23 MP: 3/3
  1001 | D:2      | Reached ** piety under Trog
  1044 | D:2      | Identified the +1 falchion "Giwk" {drain, *Noise rPois
                  | Str-2 SInv}
  1357 | D:2      | Found a white marble altar of Elyvilon.
  1736 | D:3      | Reached XP level 4. HP: 18/29 MP: 4/4
  2019 | D:3      | Found a glowing golden altar of the Shining One.
  2100 | D:3      | Found a glowing silver altar of Zin.
  2288 | D:3      | Found The Oracle's Delphic Readings.
  2296 | D:3      | Bought a scroll of magic mapping for 97 gold pieces
  2619 | D:3      | Reached skill level 4 in Maces & Flails
  2625 | D:3      | Reached *** piety under Trog
  2626 | D:3      | Reached XP level 5. HP: 13/33 MP: 5/5
  2637 | D:3      | Slain by a gnoll

Illustrated notes

Levels and vault maps discovered:
D:1:      dpeg_arrival_prison, layout_basic, shapermc_ecumenical_altar_pompeii
D:2:      layout_loops_ring, basic_altar
D:3:      minmay_goblin_kobold_castle, layout_loops_ring,
          mainiacjoe_overflow_small_starburst, lemuel_round_altar,
          nicolae_nh_oracle_at_delphi

Skill      XL: |  1  2  3  4 |
---------------+-------------+-----
Armour         | 3 |  3.6
Dodging        | 2 |  2.1
Maces & Flails | 4 |  4.0
Fighting       | |  3.9

Action                     |  1- 3 |  4- 6 || total
---------------------------+-------+-------++-------
  Melee: Mace              |   120 |    72 ||   192
 Invoke: Berserk           |     2 |     1 ||     3
    Use: Scroll            |     6 |       ||     6
 Armour: Animal skin       |    18 |       ||    18
         Leather armour    |    41 |    42 ||    83
  Dodge: Dodged            |    80 |    90 ||   170
